[Event "Early-Titled-Tuesday-Blitz-October-10-2023"]
[Site "Chess.com"]
[Date "2023.10.10"]
[Round "8"]
[White "Larina_Maria"]
[Black "mapleaff"]
[Result "0-1"]
[WhiteElo "2202"]
[BlackElo "2374"]
[TimeControl "180+1"]
[EndTime "9:24:26 PDT"]
[Termination "mapleaff won by resignation"]

1. e4 c5 2. Nc3 Nc6 3. g3 g6 4. Bg2 Bg7 5. d3 d6 6. Be3 e5 7. Nf3 Nge7 8. O-O O-O 9. Nh4 Be6 10. Qd2 Qd7 11. f4 f5 12. fxe5 Nxe5 13. exf5 Nxf5 14. Nxf5 Bxf5 15. Bh6 Ng4 16. Bxg7 Qxg7 17. Ne2 Rae8 18. Bf3 Qe5 19. Rf2 Nxf2 20. Kxf2 Bg4 21. Nf4 Bxf3 22. Kxf3 g5 0-1

[Event "Early-Titled-Tuesday-Blitz-October-10-2023"]
[Site "Chess.com"]
[Date "2023.10.10"]
[Round "8"]
[White "LeninGuerra"]
[Black "Ali_rastbod"]
[Result "1-0"]
[WhiteElo "2608"]
[BlackElo "2739"]
[TimeControl "180+1"]
[EndTime "9:24:30 PDT"]
[Termination "LeninGuerra won by resignation"]

1. e4 c6 2. Nf3 d5 3. exd5 cxd5 4. Bb5+ Bd7 5. Bxd7+ Qxd7 6. O-O Nc6 7. b3 Nf6 8.
Bb2 e6 9. Re1 Bd6 10. d3 O-O 11. Nbd2 Rfe8 12. Bxf6 gxf6 13. c4 Bf8 14. Nf1 dxc4 15.
dxc4 Qxd1 16. Raxd1 a6 17. Rd7 Re7 18. Red1 b5 19. Ne3 Nb4 20. Ng4 Kg7 21. a4 bxa4 22. bxa4 Rc8 23. Ne3 1-0

[Event "Early-Titled-Tuesday-Blitz-October-10-2023"]
[Site "Chess.com"]
[Date "2023.10.10"]
[Round "8"]
[White "Legendinunknown"]
[Black "ArtemDyachuk"]
[Result "0-1"]
[WhiteElo "2817"]
[BlackElo "2692"]
[TimeControl "180+1"]
[EndTime "9:24:34 PDT"]
[Termination "ArtemDyachuk won by resignation"]

1. d4 Nf6 2. c4 e6 3. Nc3 c5 4. d5 exd5 5. cxd5 d6 6. e4 g6 7. Bd3 Bg7 8. Nge2 O-O 9. O-O Re8 10. Bg5 h6 11. Bh4 g5 12. Bg3 Nh5 13. f4 Nxg3 14. hxg3 Bg4 15. Qd2 Nd7 16. e5 dxe5 17.
f5 Nf6 18. Bb5 Rf8 19. Nc1 a6 20. Be2 Bxe2 21. N1xe2 b5 22. Rad1 Qa5 23. Nc1 b4 24.
N3e2 Rad8 25. Nb3 Qb6 26. Qe3 Nxd5 27. Qxc5 Qxc5+ 28. Nxc5 Ne3 29. Rxd8 Rxd8 30. Rf3 Rd1+ 31. Kh2 Ng4+ 32. Kh3 h5 0-1

[Event "Early-Titled-Tuesday-Blitz-October-10-2023"]
[Site "Chess.com"]
[Date "2023.10.10"]
[Round "8"]
[White "Masterbeaterr"]
[Black "chessculator16"]
[Result "0-1"]
[WhiteElo "2454"]
[BlackElo "2309"]
[TimeControl "180+1"]
[EndTime "9:24:36 PDT"]
[Termination "chessculator16 won by resignation"]

1. d4 d5 2. c4 c6 3. Nc3 Nf6 4. e3 e6 5. Nf3 Nbd7 6. Be2 Bd6 7. O-O O-O 8. Qc2 b6 9. e4 dxe4 10. Nxe4 Nxe4 11. Qxe4 Bb7 12. Bg5 Nf6 13. Qh4 Be7 14. Rad1 h6 15. Bc1 Qc7 16. Ne5 Rfd8 17. f4 c5 18.
dxc5 Bxc5+ 19. Kh1 Rxd1 20. Rxd1 Rd8 21. Qe1 a5 22.
Bf3 Bxf3 23. Nxf3 Rxd1 24. Qxd1 Ng4 25. Qe2 Nf2+ 26. Kg1 Nd3+ 27. Be3 Qxf4 28. Bxc5 Nxc5 29. g3 Qc1+ 30. Kg2 Qb1 31. b3 a4 32. bxa4 Nxa4 33. Ne5 Nc3 34. Qf3 Qc2+ 35. Kh3 f6 36. Nd7 Ne4 37. Qf4 Ng5+ 38. Kh4 Qxh2+ 0-1

[Event "Early-Titled-Tuesday-Blitz-October-10-2023"]
[Site "Chess.com"]
[Date "2023.10.10"]
[Round "8"]
[White "DarZay"]
[Black "Tsyhanchuk_Stanislav"]
[Result "0-1"]
[WhiteElo "2241"]
[BlackElo "2464"]
[TimeControl "180+1"]
[EndTime "9:24:52 PDT"]
[Termination "Tsyhanchuk_Stanislav won by resignation"]

1. e4 c5 2. Nf3 d6 3. d4 cxd4 4. Nxd4 Nf6 5. Nc3 a6 6. Be2 e5 7. Nb3 Be7 8. Be3 Be6 9. Nd5 Nxd5 10. exd5 Bf5 11. c4 Nd7 12. Qd2 Rc8 13. Na5 Qc7 14. Rc1 O-O 15. O-O Bg6 16. f4 exf4 17. Bxf4 Nc5 18. b4 Ne4 19. Qd1 Bf6 20. c5 Rfe8 21. Bxd6 Nxd6 22. cxd6 Qxd6 23. Rxc8 Rxc8 24. Nxb7 Qb6+ 25.
Nc5 Qxb4 26. Nd7 Bd4+ 27. Kh1 Rd8 28. Bg4 h5 29. Bh3 Qb5 30. Re1 Qxd5 31. Qb3 Qxb3 32.
axb3 f5 33. Re7 Bc5 34. Nf6+ gxf6 35. g3 Bxe7 0-1

[Event "Early-Titled-Tuesday-Blitz-October-10-2023"]
[Site "Chess.com"]
[Date "2023.10.10"]
[Round "8"]
[White "meoluoi91"]
[Black "ChainedDowntohell"]
[Result "1-0"]
[WhiteElo "2596"]
[BlackElo "2427"]
[TimeControl "180+1"]
[EndTime "9:25:01 PDT"]
[Termination "meoluoi91 won by resignation"]

1. Nf3 Nf6 2. g3 b6 3. Bg2 Bb7 4. O-O e6 5. d3 c5 6. e4 d6 7.
Re1 Be7 8. Nc3 O-O 9. Bg5 Nfd7 10. Bxe7 Qxe7 11. d4 cxd4 12. Nxd4 a6 13. Qd2 Rd8 14. Rad1 Ne5 15. b3 Nbd7 16. f4 Ng6 17. Nf5 Qf8 18. Nxd6 Bc6 19. e5 Bxg2 20. Qxg2 f6 21. Nb7 fxe5 22.
Nxd8 Rxd8 23. Qc6 Nc5 24. Qxb6 Rc8 25. fxe5 Qf3 26. Ne4 Nxe4 27. Qxe6+ 1-0

[Event "Early-Titled-Tuesday-Blitz-October-10-2023"]
[Site "Chess.com"]
[Date "2023.10.10"]
[Round "8"]
[White "secretsuperstar7"]
[Black "BigAl"]
[Result "1-0"]
[WhiteElo "2448"]
[BlackElo "2590"]
[TimeControl "180+1"]
[EndTime "9:25:03 PDT"]
[Termination "secretsuperstar7 won on time"]

1. c4 g6 2. Nc3 Bg7 3. g3 d6 4.
Bg2 Nf6 5. e4 O-O 6. Nge2 c5 7.
O-O Nc6 8. a3 Ne8 9. Rb1 a5 10. d3 Nc7 11. Be3 Ne6 12. Nd5 a4 13.
Nec3 Ned4 14. Nxa4 Ne5 15. Ndb6 Ra6 16. b4 Bg4 17. f3 Bd7 18. b5 Ra7 19. Nd5 e6 20. Ndc3 1-0

[Event "Early-Titled-Tuesday-Blitz-October-10-2023"]
[Site "Chess.com"]
[Date "2023.10.10"]
[Round "8"]
[White "SAInt_666"]
[Black "FGHSMN"]
[Result "0-1"]
[WhiteElo "2683"]
[BlackElo "2861"]
[TimeControl "180+1"]
[EndTime "9:25:04 PDT"]
[Termination "FGHSMN won by resignation"]

1. e4 c5 2. Nf3 d6 3. Bb5+ Nd7 4.
O-O a6 5. Bxd7+ Bxd7 6. c3 Nf6 7. Re1 g6 8. d4 cxd4 9. cxd4 Bg7 10. Nc3 O-O 11.
h3 b5 12. e5 Ne8 13. Bg5 dxe5 14. Nxe5 Nf6 15. Qf3 Rc8 16. Rad1 h6 17. Bxf6 Bxf6 18. Nxd7 Qxd7 19. Nd5 Qd6 20. Nxf6+ exf6 21. Re2 Rfe8 22.
g3 Rxe2 23. Qxe2 Qd5 24. b3 f5 25. Qd2 Kg7 26. Re1 Rd8 27. Rd1 Rd6 28. Qc3 0-1

[Event "Early-Titled-Tuesday-Blitz-October-10-2023"]
[Site "Chess.com"]
[Date "2023.10.10"]
[Round "8"]
[White "SmirnovAlexandrA"]
[Black "JoliyRoger"]
[Result "1-0"]
[WhiteElo "2644"]
[BlackElo "2477"]
[TimeControl "180+1"]
[EndTime "9:25:11 PDT"]
[Termination "SmirnovAlexandrA won by resignation"]

1. e4 c6 2. d4 d5 3. e5 Bf5 4.
Nf3 e6 5. Be2 Nd7 6. O-O h6 7. b3 a6 8. c4 Ne7 9. c5 b6 10. b4 a5 11. b5 bxc5 12. dxc5 Nxc5 13. bxc6 Nxc6 14. Bb5 Qb6 15. Nd4 Rc8 16. Nc3 Bd3 17. Na4 Nxa4 18. Qxd3 Bc5 19. Nxc6 Rxc6 20. Bxa4 1-0

[Event "Early-Titled-Tuesday-Blitz-October-10-2023"]
[Site "Chess.com"]
[Date "2023.10.10"]
[Round "8"]
[White "Agibileg"]
[Black "surrenderPLS"]
[Result "1-0"]
[WhiteElo "2702"]
[BlackElo "2515"]
[TimeControl "180+1"]
[EndTime "9:25:13 PDT"]
[Termination "Agibileg won by resignation"]

1. d4 Nf6 2. c4 e6 3. Nc3 Bb4 4. f3 d5 5. a3 Be7 6. e4 dxe4 7. fxe4 c5 8. d5 exd5 9. exd5 O-O 10. Nf3 Bd6 11.
Be2 Re8 12. O-O h6 13. Nb5 Bg4 14. Nxd6 Qxd6 15. Nd4 Bxe2 16. Nxe2 Nbd7 17. Bf4 Qb6 18. Qc2 Re7 19. Ng3 Rae8 20. h3 a6 21. Rad1 Ne5 22. Nf5 Rd7 23. Qc3 Ng6 24. Bxh6 gxh6 25. Nxh6+ Kg7 26.
Rxf6 Re3 27. Nf5+ Kg8 28. Nxe3 Qxf6 29. Qxf6 1-0

[Event "Early-Titled-Tuesday-Blitz-October-10-2023"]
[Site "Chess.com"]
[Date "2023.10.10"]
[Round "8"]
[White "InitiatingASC"]
[Black "guillembaches"]
[Result "1/2-1/2"]
[WhiteElo "2351"]
[BlackElo "2490"]
[TimeControl "180+1"]
[EndTime "9:25:16 PDT"]
[Termination "Game drawn by agreement"]

1. d4 d5 2. c4 Nc6 3. cxd5 Qxd5 4. e3 e5 5. Nc3 Bb4 6. Bd2 Bxc3 7. bxc3 Nf6 8. Qb3 Qd6 9. Nf3 e4 10. Ng1 O-O 11.
Ne2 Na5 12. Qb4 Qxb4 13. cxb4 Nc4 14. Nc3 Nxd2 15. Kxd2 c6 16. h3 Be6 17. Be2 Rfe8 18. Rhc1 b5 19. a4 a6 20. a5 h5 21. f4 exf3 22.
Bxf3 Rac8 23. Ne4 Nxe4+ 24. Bxe4 Bc4 25. Bf3 g6 26. Rxc4 bxc4 27. Rc1 Kf8 28. Rxc4 Ke7 1/2-1/2

[Event "Early-Titled-Tuesday-Blitz-October-10-2023"]
[Site "Chess.com"]
[Date "2023.10.10"]
[Round "8"]
[White "MdChess1734"]
[Black "gueraumasague"]
[Result "0-1"]
[WhiteElo "2380"]
[BlackElo "2515"]
[TimeControl "180+1"]
[EndTime "9:25:19 PDT"]
[Termination "gueraumasague won on time"]

1. e4 g6 2. d4 Nf6 3. Nc3 d5 4.
e5 Ne4 5. Nxe4 dxe4 6. c3 Bg7 7.
Ne2 c5 8. Ng3 Nc6 9. Be3 cxd4 10. cxd4 Qa5+ 11. Qd2 Qxd2+ 12. Kxd2 O-O 13. Nxe4 Rd8 14.
Kc3 Bf5 15. Nc5 Rac8 16. Rc1 b6 17. Ba6 Rc7 18. b4 bxc5 19. bxc5 f6 20. Bc4+ Kf8 21. f4 Rcd7 22. Rcd1 Be4 23. Bb5 fxe5 0-1

[Event "Early-Titled-Tuesday-Blitz-October-10-2023"]
[Site "Chess.com"]
[Date "2023.10.10"]
[Round "8"]
[White "Bilan_Danila"]
[Black "SALVA-DALI"]
[Result "0-1"]
[WhiteElo "2595"]
[BlackElo "2769"]
[TimeControl "180+1"]
[EndTime "9:25:20 PDT"]
[Termination "SALVA-DALI won on time"]

1. d4 Nf6 2. Nf3 g6 3. Bg5 Bg7 4. c3 d5 5. Nbd2 O-O 6. e3 c5 7. Bd3 Nfd7 8. O-O Nc6 9. Re1 Qc7 10. Bf4 Qb6 11. Rb1 e5 12. dxe5 Ndxe5 13. Nxe5 Nxe5 14.
Bc2 Bg4 15. f3 Be6 16. Qe2 Rad8 17. Kh1 Rfe8 18. Qf2 Qa6 19. Ra1 Nd3 20. Bxd3 Qxd3 21. Nb3 b6 22. Rad1 Qb5 23. Qh4 Qa4 24. Nc1 Rd7 25. b3 Qc6 26. Bh6 Bxc3 27. Ne2 Bh8 28. Bg5 Bf5 29. Ng3 Bc2 30. Rc1 Bd3 31. Rcd1 c4 32.
bxc4 dxc4 33. Qg4 c3 34. e4 c2 35. Rc1 Qe6 36. Qh4 Bb2 37. Bd2 Bf6 38. Qh6 Qxa2 39. h3 Qe6 40. Ne2 Bxe2 41. Rxe2 Qc4 42. Rf2 Bb2 0-1

[Event "Early-Titled-Tuesday-Blitz-October-10-2023"]
[Site "Chess.com"]
[Date "2023.10.10"]
[Round "8"]
[White "stepanosinovsky"]
[Black "JAN2404"]
[Result "1-0"]
[WhiteElo "2374"]
[BlackElo "2077"]
[TimeControl "180+1"]
[EndTime "9:25:20 PDT"]
[Termination "stepanosinovsky won on time"]

1. e4 c5 2. Nf3 d6 3. d4 cxd4 4. Nxd4 Nf6 5. Nc3 Nc6 6. Be3 Ng4 7. Bb5 Nxe3 8. fxe3 Bd7 9. Bxc6 bxc6 10. O-O e5 11. Qf3 Qf6 12. Qe2 Qg6 13. Nf5 Be7 14. Qa6 Bxf5 15.
exf5 Qg5 16. Qxc6+ Kd8 17. Qxa8+ 1-0

[Event "Early-Titled-Tuesday-Blitz-October-10-2023"]
[Site "Chess.com"]
[Date "2023.10.10"]
[Round "8"]
[White "Politov_Pavel"]
[Black "AsaHoffmann"]
[Result "0-1"]
[WhiteElo "2081"]
[BlackElo "2388"]
[TimeControl "180+1"]
[EndTime "9:25:23 PDT"]
[Termination "AsaHoffmann won by resignation"]

1. e4 d6 2. d4 Nf6 3. Nc3 c6 4.
f4 Qa5 5. Nf3 Nxe4 6. Bd2 Nxd2 7. Qxd2 Bf5 8. O-O-O e6 9. h3 Be7 10. g4 Bg6 11. h4 h5 12. g5 Nd7 13. Bd3 Bxd3 14.
Qxd3 g6 15. Nd2 O-O-O 16. Nc4 Qc7 17. Rde1 b5 18. Ne3 a6 19. d5 Nc5 20. Qd4 e5 21. fxe5 dxe5 22. Qd2 b4 23. Ne2 Qa5 24. Nc4 Qxa2 25.
Qxb4 Nd3+ 26. cxd3 Bxb4 27. dxc6 Rxd3 28. Nxe5 Bxe1 29.
Nxd3 Ba5 30. Ne5 Qa1+ 31. Kc2 Qxh1 32. Nf4 Qe4+ 0-1

[Event "Early-Titled-Tuesday-Blitz-October-10-2023"]
[Site "Chess.com"]
[Date "2023.10.10"]
[Round "8"]
[White "m_ezat"]
[Black "MikeSailer"]
[Result "1-0"]
[WhiteElo "2482"]
[BlackElo "2142"]
[TimeControl "180+1"]
[EndTime "9:25:26 PDT"]
[Termination "m_ezat won by resignation"]

1. e4 d5 2. exd5 Qxd5 3. d4 Nc6 4. Nf3 Bg4 5. Be2 O-O-O 6. Be3 Nf6 7. Nc3 Qa5 8. h3 Bxf3 9. Bxf3 Nxd4 10. Bxd4 e5 11. O-O exd4 12. Ne4 Nxe4 13. Bxe4 Bd6 14. Qf3 c6 15. b4 Qe5 16. g3 Rhf8 17. b5 f5 18.
Bd3 c5 19. b6 axb6 20. Rfe1 Qf6 21. Rab1 Bc7 22. a4 g6 23. a5 Qc6 24. Qe2 bxa5 25. Bb5 Qd5 26. Bc4 Qd6 27. Qf3 b6 28. Re6 Qd5 29. Bxd5 1-0

[Event "Early-Titled-Tuesday-Blitz-October-10-2023"]
[Site "Chess.com"]
[Date "2023.10.10"]
[Round "8"]
[White "Amirreza_p"]
[Black "McCarthyStone"]
[Result "1-0"]
[WhiteElo "2601"]
[BlackElo "2419"]
[TimeControl "180+1"]
[EndTime "9:25:27 PDT"]
[Termination "Amirreza_p won by checkmate"]

1. d4 Nf6 2. Bf4 e6 3. e3 b6 4. Nd2 Bb7 5. Ngf3 Be7 6. Bd3 O-O 7. h4 c5 8. c3 d6 9. h5 Nbd7 10. Qe2 Re8 11. O-O-O Qc7 12. Kb1 a6 13. g4 Nxg4 14. Rhg1 f5 15. e4 Bf6 16. Ng5 cxd4 17. Nxe6 Rxe6 18.
Bc4 d5 19. Bxc7 dxc4 20. Qxc4 Re8 21. exf5 Nge5 22. Bxe5 Nxe5 23. Qb3 dxc3 24. fxe6 cxd2 25. Rxd2 Nf3 26. e7+ Kh8 27. Rd8 Rxd8 28. exd8=Q+ Bxd8 29. Qf7 Be4+ 30. Ka1 Bf6 31. Qf8# 1-0

[Event "Early-Titled-Tuesday-Blitz-October-10-2023"]
[Site "Chess.com"]
[Date "2023.10.10"]
[Round "8"]
[White "Jospem"]
[Black "FairChess_on_YouTube"]
[Result "0-1"]
[WhiteElo "3092"]
[BlackElo "3069"]
[TimeControl "180+1"]
[EndTime "9:25:32 PDT"]
[Termination "FairChess_on_YouTube won by resignation"]

1. e4 c5 2. Nf3 e6 3. c3 d5 4. e5 d4 5. g3 g5 6. h3 Nc6 7. d3 h6 8. Bg2 Bg7 9. Qe2 Nge7 10. Nbd2 Ng6 11. Nc4 O-O 12. O-O b5 13. Nd6 Ba6 14.
c4 bxc4 15. Nxc4 Bxc4 16. dxc4 Ncxe5 17. Nxe5 Nxe5 18. f4 d3 19. Qe4 d2 20. fxe5 d1=Q 21. Rxd1 Qxd1+ 22. Kh2 Rad8 23. Rb1 Rd4 24. Bxg5 Qh5 25.
Qc6 Qxg5 26. Qxc5 Bxe5 27. Kh1 Qxg3 0-1

[Event "Early-Titled-Tuesday-Blitz-October-10-2023"]
[Site "Chess.com"]
[Date "2023.10.10"]
[Round "8"]
[White "tarno17"]
[Black "rachidhuilda"]
[Result "0-1"]
[WhiteElo "2130"]
[BlackElo "2361"]
[TimeControl "180+1"]
[EndTime "9:25:44 PDT"]
[Termination "rachidhuilda won on time"]

1. e4 c5 2. Nf3 e6 3. c3 d5 4.
exd5 Qxd5 5. d4 Nf6 6. Be3 cxd4 7. Qxd4 Nc6 8. Qxd5 Nxd5 9. Nbd2 Nxe3 10. fxe3 Bc5 11. Kf2 O-O 12. Ne4 Be7 13. Bd3 f5 14. Ng3 e5 15.
Bc2 Be6 16. Rhd1 g6 17. Bb3 Kf7 18. Rd7 Rab8 19. Rad1 Bxb3 20. axb3 Ke6 21. Ng5+ Kf6 22. Nxh7+ Kf7 23. Nxf8 Kxf8 24. h4 Ke8 25. h5 Bh4 26. hxg6 f4 27. g7 Ne7 28. exf4 exf4 29. Kf3 Bxg3 30. Kg4 Kf7 31. Kg5 Rg8 0-1

[Event "Early-Titled-Tuesday-Blitz-October-10-2023"]
[Site "Chess.com"]
[Date "2023.10.10"]
[Round "8"]
[White "pirulillo"]
[Black "lolo9292"]
[Result "1-0"]
[WhiteElo "2343"]
[BlackElo "2157"]
[TimeControl "180+1"]
[EndTime "9:25:49 PDT"]
[Termination "pirulillo won by checkmate"]

1. e4 e5 2. Bc4 Nc6 3. d3 Nf6 4. Nc3 Bb4 5. Ne2 d5 6. exd5 Nxd5 7. O-O Be6 8. Bxd5 Bxd5 9. f4 O-O 10. f5 Bc5+ 11. Kh1 Nd4 12. Nxd5 Nxe2 13. Qxe2 Qxd5 14.
f6 g6 15. Be3 Bd6 16. Qf2 Rfe8 17. Qh4 e4 18. Bf4 Bf8 19. Bh6 Bd6 20. Bf4 Bf8 21.
Bh6 Bc5 22. Bf4 exd3 23. cxd3 Re6 24. Rf3 h5 25. Rg3 Rae8 26. Rf1 Re1 27. Rxg6+ fxg6 28. Rxe1 Rxe1+ 29. Qxe1 Kf7 30. Be5 Qxd3 31. h3 c6 32. Bc3 Qe3 33. Qd1 Ke6 34. f7 Kxf7 35. Qd7+ Qe7 36.
Qd3 b5 37. Qf3+ Kg8 38. Qxc6 Qd6 39. Qe8+ Kh7 40. Qh8# 1-0

[Event "Early-Titled-Tuesday-Blitz-October-10-2023"]
[Site "Chess.com"]
[Date "2023.10.10"]
[Round "8"]
[White "C_K_G"]
[Black "Ishowmoves57"]
[Result "1-0"]
[WhiteElo "1954"]
[BlackElo "2176"]
[TimeControl "180+1"]
[EndTime "9:25:51 PDT"]
[Termination "C_K_G won by resignation"]

1. e4 c5 2. Nf3 Nc6 3. d4 cxd4 4. Nxd4 e5 5. Nxc6 bxc6 6. c4 Nf6 7. Bd3 Bb4+ 8. Bd2 Bxd2+ 9. Qxd2 O-O 10. Nc3 Bb7 11. O-O d5 12. cxd5 cxd5 13. exd5 Nxd5 14. Rad1 Nxc3 15. Qxc3 Qe7 16. Rfe1 f6 17. Qc4+ Kh8 18. Qh4 e4 19. Bxe4 Bxe4 20. Rxe4 Rad8 21. Rde1 Qb7 22.
b3 Rd2 23. Re8 Qf7 24. Rxf8+ Qxf8 25. a4 h6 26. Qh5 Qg8 27. h3 Rb2 28. Re8 Rxb3 29.
Rxg8+ Kxg8 30. Qd5+ 1-0

[Event "Early-Titled-Tuesday-Blitz-October-10-2023"]
[Site "Chess.com"]
[Date "2023.10.10"]
[Round "8"]
[White "Henryk_S"]
[Black "Better_Chess_Faster"]
[Result "0-1"]
[WhiteElo "2132"]
[BlackElo "2074"]
[TimeControl "180+1"]
[EndTime "9:25:55 PDT"]
[Termination "Better_Chess_Faster won on time"]

1. e4 Nf6 2. Nc3 e5 3. Nf3 Nc6 4. Bb5 Nd4 5. Bc4 c6 6. d3 Bc5 7. h3 O-O 8. Bg5 h6 9. Bh4 Re8 10. O-O b5 11. Bb3 a5 12. a4 Nxb3 13. cxb3 b4 14. Nb1 d5 15. Nbd2 Ba6 16. Rc1 Bd4 17. Nxd4 exd4 18. Nf3 dxe4 19. dxe4 Rxe4 20. Re1 Rxe1+ 21.
Qxe1 d3 22. Rxc6 Bb7 23. Rxf6 gxf6 24. Qd2 Bxf3 25. gxf3 Kg7 26. Qf4 d2 27. Qg4+ Kh8 0-1

[Event "Early-Titled-Tuesday-Blitz-October-10-2023"]
[Site "Chess.com"]
[Date "2023.10.10"]
[Round "8"]
[White "NowInChess"]
[Black "Flaccidmoves"]
[Result "0-1"]
[WhiteElo "2220"]
[BlackElo "2429"]
[TimeControl "180+1"]
[EndTime "9:25:56 PDT"]
[Termination "Flaccidmoves won on time"]

1. e4 e6 2. d3 d5 3. Nd2 c5 4. g3 Nc6 5. Bg2 Bd6 6. f4 Nge7 7. Ngf3 f6 8. O-O O-O 9. c3 b6 10. Qe2 Ba6 11. Kh1 dxe4 12. Nxe4 Bc7 13. Rd1 Qd7 14.
Be3 Rad8 15. Nf2 Nf5 16. Rd2 Rfe8 17. Rad1 e5 18. fxe5 Nxe5 19. Nxe5 Rxe5 20. Ne4 Nxe3 21. Qxe3 f5 22. Bh3 Qe7 23. Qf4 fxe4 24. dxe4 Rf8 25.
Qe3 Rxe4 26. Qg1 Bb7 0-1

[Event "Early-Titled-Tuesday-Blitz-October-10-2023"]
[Site "Chess.com"]
[Date "2023.10.10"]
[Round "8"]
[White "Dedic8"]
[Black "Oleksandr_Bortnyk"]
[Result "0-1"]
[WhiteElo "2851"]
[BlackElo "3049"]
[TimeControl "180+1"]
[EndTime "9:25:58 PDT"]
[Termination "Oleksandr_Bortnyk won by resignation"]

1. d4 d6 2. c4 e5 3. Nf3 e4 4. Nfd2 f5 5. Nc3 g6 6. e3 Bh6 7. h4 Nf6 8. h5 g5 9. b4 O-O 10.
Bb2 a5 11. bxa5 Nc6 12. Nb3 f4 13. d5 fxe3 14. dxc6 exf2+ 15. Kxf2 bxc6 16. Kg1 Qe7 17. Qd4 g4 18. Re1 c5 19. Nd5 cxd4 20. Nxe7+ Kf7 21. Nxc8 Be3+ 22. Rxe3 dxe3 23. Be2 Raxc8 24. Kh2 Rb8 25.
Kg3 c5 26. Rf1 Ke7 27. Rf5 Rb4 28. Kh4 h6 29. Bxf6+ Rxf6 30. Rxf6 Kxf6 31. Kxg4 Ra4 32. Kf4 Rxa2 33. Kxe3 Ke5 34. g4 Ra3 35. Bd1 d5 36. cxd5 c4 37. Kd2 cxb3 38. Kc3 0-1

[Event "Early-Titled-Tuesday-Blitz-October-10-2023"]
[Site "Chess.com"]
[Date "2023.10.10"]
[Round "8"]
[White "BardArtem"]
[Black "shimastream"]
[Result "0-1"]
[WhiteElo "2832"]
[BlackElo "2990"]
[TimeControl "180+1"]
[EndTime "9:26:00 PDT"]
[Termination "shimastream won by resignation"]

1. e4 d6 2. d4 c6 3. Nc3 Qc7 4. Nf3 e5 5. a4 Nf6 6. Bc4 Bg4 7. Be3 Nbd7 8. O-O Be7 9. Be2 O-O 10. Re1 Rfe8 11.
h3 Bh5 12. Nd2 Bg6 13. Bf3 exd4 14. Bxd4 Bf8 15. Nc4 Ne5 16. Nxe5 dxe5 17. Be3 Bb4 18. Bd2 Rad8 19. Qe2 a5 20. Rad1 h6 21. Na2 Bc5 22. Nc1 b6 23. Nd3 Bf8 24. Bc1 Nd7 25. Be3 b5 26. b3 bxa4 27. bxa4 Nb6 28.
Nb2 Rb8 29. Bxb6 Rxb6 30. Nd3 c5 31. Bh5 Bh7 32. Rb1 c4 33. Rxb6 cxd3 34. Qe3 Bc5 35. Rb7 Qxb7 36. Qxc5 d2 37. Rd1 Qxe4 38. Qe3 Qxe3 39.
fxe3 Rd8 40. Rf1 Bxc2 41. Bxf7+ Kh8 0-1

[Event "Early-Titled-Tuesday-Blitz-October-10-2023"]
[Site "Chess.com"]
[Date "2023.10.10"]
[Round "8"]
[White "Korchmar_Vasiliy"]
[Black "JSlaby"]
[Result "1-0"]
[WhiteElo "2743"]
[BlackElo "2583"]
[TimeControl "180+1"]
[EndTime "9:26:01 PDT"]
[Termination "Korchmar_Vasiliy won by resignation"]

1. e4 c5 2. d4 cxd4 3. Qxd4 Nc6 4. Qd3 g6 5. Nc3 Bg7 6. Nf3 d6 7. Be2 Nf6 8. O-O O-O 9. Nd5 Be6 10. c3 a6 11. Bg5 Nd7 12. Qe3 Re8 13. Rad1 b5 14. h4 Rb8 15. h5 b4 16. h6 Bh8 17.
Bxa6 bxc3 18. bxc3 Qa5 19. Bc4 Bxd5 20. Bxd5 Nde5 21.
Nd4 Qc7 22. f4 Ng4 23. Qf3 Nxd4 24. cxd4 Nf6 25. Bb3 e6 26. f5 exf5 27. exf5 Rxb3 28. axb3 Ne4 29. fxg6 Nxg5 30. Qf5 Qe7 31. g7 Bxg7 32.
hxg7 Kxg7 33. Rde1 Ne6 34. d5 1-0

[Event "Early-Titled-Tuesday-Blitz-October-10-2023"]
[Site "Chess.com"]
[Date "2023.10.10"]
[Round "8"]
[White "Witaliss"]
[Black "LUISMIGUELOV"]
[Result "0-1"]
[WhiteElo "2305"]
[BlackElo "2148"]
[TimeControl "180+1"]
[EndTime "9:26:03 PDT"]
[Termination "LUISMIGUELOV won by resignation"]

1. Nf3 d5 2. g3 Bg4 3. Bg2 c6 4. O-O h5 5. h3 Bxf3 6. Bxf3 h4 7. g4 e5 8. d3 Nd7 9. c4 d4 10. e3 dxe3 11. fxe3 Bc5 12. d4 Bb6 13. Nc3 Qe7 14. c5 Bc7 15. b4 f5 16. d5 e4 17. d6 Qe5 18. dxc7 exf3 19. Qd6 Qxc3 20. Qe6+ Ne7 21. e4 Qd4+ 22. Kh1 Qxe4 23. gxf5 Qxf5 24. Qxf5 Nxf5 25. Rxf3 Ng3+ 26. Kg2 Rc8 27. Bf4 O-O 28. Rd1 Rxf4 29.
Rxf4 Rxc7 30. Rxh4 Nf5 31. Re4 Nf6 32. Ree1 Nd5 33. Rb1 a6 34. a3 Rf7 35. Rb3 Kh7 36. Kh2 Nh4 37. Re2 Nf3+ 38. Kg3 Nd4 39. Rbb2 Nxe2+ 40. Rxe2 Re7 41. Rf2 Re3+ 42. Kg4 Rxa3 43. Rf7 Rb3 44.
Rxb7 Rxb4+ 0-1

[Event "Early-Titled-Tuesday-Blitz-October-10-2023"]
[Site "Chess.com"]
[Date "2023.10.10"]
[Round "8"]
[White "Mr_ruthless"]
[Black "fu24"]
[Result "0-1"]
[WhiteElo "2466"]
[BlackElo "2626"]
[TimeControl "180+1"]
[EndTime "9:26:04 PDT"]
[Termination "fu24 won by resignation"]

1. e4 g6 2. d4 Bg7 3. f4 d6 4. Nf3 e6 5. Bd3 Ne7 6. Be3 b6 7.
c3 d5 8. Nbd2 a5 9. Qe2 Ba6 10.
e5 Nf5 11. Bf2 h5 12. g3 Bf8 13. h3 c5 14. O-O-O Bxd3 15. Qxd3 c4 16. Qe2 Be7 17. g4 Ng7 18. Qe3 Nc6 19. Ng5 b5 20. Ndf3 b4 21. Kd2 Rb8 22. gxh5 Rxh5 23. Rb1 Nf5 24. Qe2 a4 25. Rhc1 Kf8 26. Ke1 Qa5 27. Kf1 Kg7 28.
Be1 Rhh8 29. b3 axb3 30. axb3 bxc3 31. Bxc3 Bb4 32. Ra1 Qb6 33. Bxb4 Qxb4 34. bxc4 Ncxd4 35. Nxd4 Nxd4 36. Qd3 Nb3 37. cxd5 Nxc1 38. Rxc1 Qxf4+ 0-1

[Event "Early-Titled-Tuesday-Blitz-October-10-2023"]
[Site "Chess.com"]
[Date "2023.10.10"]
[Round "8"]
[White "akanga001"]
[Black "ZeGood_ZeBad_ZeUgly"]
[Result "0-1"]
[WhiteElo "2027"]
[BlackElo "2328"]
[TimeControl "180+1"]
[EndTime "9:26:04 PDT"]
[Termination "ZeGood_ZeBad_ZeUgly won by resignation"]

1. d4 d5 2. c4 c6 3. Nc3 Nf6 4. g3 Bf5 5. Bg2 e6 6. Nf3 Nbd7 7. O-O Bd6 8. b3 O-O 9. Bb2 Qe7 10. Nh4 Bg4 11. h3 Bh5 12. g4 Nxg4 13. hxg4 Qxh4 14. f4 Bxg4 15. cxd5 exd5 16. Qd3 Rae8 17. e4 dxe4 18. Nxe4 Bf5 19. Qg3 Qxg3 20. Nxg3 Bd3 21. Rfd1 Be2 22. Rd2 Bxf4 23. Rxe2 Bxg3 24.
Rd2 Nb6 25. Ba3 Bf4 26. Rd3 Re2 27. Bxf8 Kxf8 28. Rf1 Be3+ 29. Kh2 Bg5 30. Rdf3 Bf6 31.
R1f2 Rxf2 32. Rxf2 Bxd4 33. Rd2 Be5+ 34. Kh3 Ke7 35. a4 Nd7 36. a5 a6 37. Kg4 g6 38.
Kg5 h6+ 39. Kxh6 Bf4+ 0-1

[Event "Early-Titled-Tuesday-Blitz-October-10-2023"]
[Site "Chess.com"]
[Date "2023.10.10"]
[Round "8"]
[White "Balla_Tamas"]
[Black "NicolaiMaxime"]
[Result "0-1"]
[WhiteElo "2425"]
[BlackElo "2589"]
[TimeControl "180+1"]
[EndTime "9:26:06 PDT"]
[Termination "NicolaiMaxime won by resignation"]

1. e4 c5 2. c3 e6 3. d4 d5 4. exd5 exd5 5. Nf3 Nc6 6. Bb5 Bd6 7. dxc5 Bxc5 8. O-O Nf6 9. Re1+ Be6 10. Nbd2 Ng4 11.
Nd4 O-O 12. Bxc6 bxc6 13. Rxe6 Bxd4 14. Qxg4 Bxf2+ 15. Kxf2 fxe6+ 16. Nf3 e5 17. Bg5 Qb6+ 18. Kg3 e4 19. Qe6+ Kh8 20. Be7 Rae8 21. Qd7 Rg8 22. Ng5 Qe3+ 23. Kg4 h6 24. Nf7+ Kh7 25. Rf1 Qe2+ 26.
Kg3 Qxf1 27. Ng5+ hxg5 28. Qh3+ Kg6 29. Qe6+ Qf6 0-1